[Event "Early-Titled-Tuesday-Blitz-May-07-2024"]
[Site "Chess.com"]
[Date "2024.05.07"]
[Round "9"]
[White "scarabee43"]
[Black "Puzzlebot_1294"]
[Result "0-1"]
[WhiteElo "2816"]
[BlackElo "2670"]
[TimeControl "180+1"]
[EndTime "9:53:36 PDT"]
[Termination "Puzzlebot_1294 won by resignation"]

1. Nf3 Nf6 2. c4 b6 3. Nc3 Bb7 4. g3 e6 5. Bg2 Be7 6. O-O O-O 7. Re1 c5 8. e4 d6 9. d4 cxd4 10. Nxd4 Qc8 11. b3 Nc6 12. Ba3 Rd8 13. Qd2 Bf8 14.
Rad1 a6 15. Qe3 Qc7 16. h3 Nd7 17. Bb2 Nxd4 18. Rxd4 Ne5 19. Rd2 Rac8 20. Red1 Nd7 21. h4 Be7 22. a4 Nc5 23. Ne2 Bf8 24. Nf4 Nd7 25. Nd3 Nc5 26. Nf4 Nd7 27. Nh3 Ne5 28.
Bd4 Nd7 29. Ng5 h6 30. Nh3 Nc5 31. Bb2 Nd7 32. Nf4 Ne5 33. Nh5 Nc6 34. Qc3 e5 35. Bh3 Rb8 36. Qe3 Be7 37. Bg4 Bf8 38. Be2 Na5 39.
g4 Be7 40. Ng3 Bxh4 41. f4 exf4 42. Qxf4 Bg5 43. Qf2 Bxd2 44. Rxd2 Nxb3 45. Rd3 Nc5 46. Nf5 Nxe4 47. Qd4 f6 48. Bf3 Ng5 49. Bxb7 Qxb7 50.
Nxh6+ gxh6 51. Qxf6 Qh7 52. Re3 Nf7 53. Re7 Rf8 54. Qd4 Rbe8 55. Rd7 Re1+ 56. Kg2 Re6 57. Kg3 Rg6 58. Re7 h5 59. Kf2 hxg4 60. Ke2 g3 61. Re4 g2 62. Rh4 Re6+ 63. Kd2 Ne5 64. Rxh7 Nf3+ 65.
Kd3 Nxd4 66. Rh2 g1=Q 0-1

[Event "Early-Titled-Tuesday-Blitz-May-07-2024"]
[Site "Chess.com"]
[Date "2024.05.07"]
[Round "9"]
[White "Zarinur"]
[Black "GeorgiosSouleidis"]
[Result "1-0"]
[WhiteElo "2561"]
[BlackElo "2698"]
[TimeControl "180+1"]
[EndTime "9:53:39 PDT"]
[Termination "Zarinur won on time"]

1. e4 c5 2. Nf3 e6 3. c3 d5 4. exd5 exd5 5. d4 Nc6 6. Bb5 Bd6 7. O-O Ne7 8. dxc5 Bxc5 9. Nbd2 O-O 10. Nb3 Bb6 11. Re1 Nf5 12. Bd3 d4 13. c4 a5 14.
c5 Ba7 15. Bxf5 Bxf5 16. Nbxd4 Nxd4 17. Qxd4 Qxd4 18. Nxd4 Bg6 19. Be3 Bxc5 20. Nb5 Bb4 21. Red1 Rfd8 22. a3 Be7 23. Bb6 Rxd1+ 24. Rxd1 Bf5 25.
h3 h5 26. Rd5 g6 27. Nd4 Bc8 28. Bd8 Kf8 29. f4 Ke8 30. Bxe7 Kxe7 31. Rb5 Kd6 32. Kf2 Ra6 33. Ke3 Ra7 34. Rb6+ Kc5 35. Rf6 b5 36.
b4+ axb4 37. axb4+ Kd5 38. Nxb5 Re7+ 39. Kf2 Bf5 40.
Nd6 Ra7 41. Nxf5 Ra2+ 42. Kf3 gxf5 43. Rxf5+ Ke6 44. Rxh5 f5 45. Rh6+ Ke7 46. Rb6 Ra3+ 47. Kf2 Ra2+ 48. Kg1 Ra3 49. Kh2 Rb3 50. g4 Rb2+ 51.
Kg3 Rb3+ 52. Kh4 fxg4 53. hxg4 Kd7 54. Kg5 Kc7 55. Rb5 Kc6 56. Rc5+ Kd6 57. f5 Rxb4 58. Rc8 Ke7 59. Rc7+ Kf8 60. Ra7 Rc4 61. f6 Ke8 62. Kf5 Rc5+ 63. Kg6 Rc6 64. g5 Rb6 65. Ra8+ Kd7 66. Kg7 Rb7 67. f7 Ke6 68. g6 1-0

[Event "Early-Titled-Tuesday-Blitz-May-07-2024"]
[Site "Chess.com"]
[Date "2024.05.07"]
[Round "9"]
[White "klimkoj"]
[Black "Oleksandr_Bortnyk"]
[Result "1-0"]
[WhiteElo "2945"]
[BlackElo "3050"]
[TimeControl "180+1"]
[EndTime "9:53:41 PDT"]
[Termination "klimkoj won by checkmate"]

1. e4 Nf6 2. e5 Nd5 3. Nf3 d6 4. exd6 exd6 5. d4 Be7 6. Bd3 Nb4 7. Be2 O-O 8. c3 Nd5 9. O-O c5 10. c4 Nf6 11. Nc3 Bf5 12. Bf4 Nc6 13. d5 Na5 14. Qd2 Ne4 15. Nxe4 Bxe4 16. b3 a6 17. Rfe1 Re8 18.
Bg3 h6 19. Qf4 Bg6 20. Rad1 Qd7 21. Bd3 Bxd3 22. Rxd3 Bf8 23. Qd2 Rxe1+ 24. Qxe1 Qc7 25. Nd2 b5 26. h4 Rb8 27. cxb5 axb5 28. Re3 c4 29. b4 Nb7 30. Ne4 Ra8 31. Qe2 Qd7 32. h5 Ra4 33. a3 Qf5 34. Kh2 Ra8 35. Qf3 Qxf3 36. Rxf3 f6 37. Re3 Kf7 38. Bf4 g5 39. hxg6+ Kxg6 40. g4 h5 41. gxh5+ Kxh5 42. Nxf6+ Kg6 43.
Ne4 Kf5 44. Kg3 Be7 45. Kf3 Kg6 46. Nc3 Bf6 47. Nxb5 Rd8 48. Re6 Kg7 49. Nxd6 Nxd6 50. Rxd6 Ra8 51. Rc6 Rxa3+ 52. Ke4 c3 53. Be5 Bxe5 54.
Kxe5 Rb3 55. Kd6 Kf7 56. Kd7 c2 57. Rxc2 Rxb4 58. d6 Ra4 59. Kd8 Ra8+ 60. Rc8 Ra2 61. d7 Ke6 62. Ke8 Rxf2 63. d8=Q Rh2 64. Rc6+ Kf5 65.
Qd5+ Kg4 66. Rc4+ Kg3 67. Qd3+ Kf2 68. Rc2+ Kg1 69. Qd1# 1-0

[Event "Early-Titled-Tuesday-Blitz-May-07-2024"]
[Site "Chess.com"]
[Date "2024.05.07"]
[Round "9"]
[White "mbojan"]
[Black "chessdjw"]
[Result "1/2-1/2"]
[WhiteElo "2900"]
[BlackElo "2775"]
[TimeControl "180+1"]
[EndTime "9:53:44 PDT"]
[Termination "Game drawn - insufficient material"]

1. a3 e5 2. e3 d5 3. d4 Nc6 4. h3 Bd6 5. c4 exd4 6. exd4 dxc4 7. Bxc4 Nge7 8. Nf3 O-O 9. O-O h6 10. Nc3 Bf5 11.
Re1 Bh7 12. d5 Nb8 13. Be3 a6 14. Qd2 Nf5 15. Bd3 Nd7 16. Bf4 Bxf4 17. Qxf4 Nd6 18.
Bxh7+ Kxh7 19. Rac1 Qf6 20. Qxf6 Nxf6 21. Ne5 Rfe8 22.
f4 Re7 23. Ng4 Rxe1+ 24. Rxe1 Nxg4 25. hxg4 Kg8 26. Kf2 Kf8 27. b3 Re8 28. Rxe8+ Kxe8 29. Ke3 Kd7 30. Kd4 b6 31. a4 Nb7 32. Ne4 Nd6 33.
Ng3 g6 34. Ke5 Ke7 35. g5 hxg5 36. fxg5 a5 37. Ne2 Nf5 38. Nc3 Ne3 39. Nb5 Kd7 40.
g3 Ng4+ 41. Kf4 Nf2 42. Ke3 Ng4+ 43. Ke4 Nf2+ 44. Kd4 Nh1 45. Ke5 Nxg3 46. Kf6 Ne4+ 47. Kxf7 Nxg5+ 48. Kxg6 Nf3 49. Kf5 Nd2 50. Nd4 Kd6 51.
Nb5+ Kxd5 52. Nxc7+ Kc6 53. Nb5 Nxb3 54. Kf4 Nc5 55. Nc3 Nb3 56. Ke3 Kc5 57. Kd3 Kb4 58.
Nd5+ Kc5 59. Nc3 Kb4 60. Nd5+ Kxa4 61. Nxb6+ Kb5 62. Nd7 a4 63. Kc3 Na5 64. Kb2 Nc4+ 65. Ka2 Kc6 66. Nf6 Kc5 67. Ne4+ Kb4 68. Nf2 Ne5 69.
Nd1 a3 70. Ne3 Ka4 71. Nc2 Nc4 72. Nxa3 1/2-1/2

[Event "Early-Titled-Tuesday-Blitz-May-07-2024"]
[Site "Chess.com"]
[Date "2024.05.07"]
[Round "9"]
[White "XDPS"]
[Black "Aswathchess"]
[Result "1/2-1/2"]
[WhiteElo "2833"]
[BlackElo "2661"]
[TimeControl "180+1"]
[EndTime "9:53:50 PDT"]
[Termination "Game drawn - insufficient material"]

1. d4 Nf6 2. Nf3 c5 3. d5 e6 4. Nc3 d6 5. e4 exd5 6. Nxd5 Nxd5 7. Qxd5 Be7 8. Bb5+ Bd7 9. Bd3 Nc6 10. c3 g6 11.
Qb3 Qb6 12. Qc2 O-O 13. O-O Rfe8 14. Re1 Bg4 15. Nd2 Bf8 16. h3 Be6 17. Nc4 Qc7 18.
Bf4 Qd7 19. Rad1 Rad8 20. Bf1 Qc7 21. Ne3 Bg7 22. Nd5 Bxd5 23. Rxd5 Ne5 24. Red1 Re6 25. Bg3 Qe7 26. b4 cxb4 27. cxb4 Nc6 28. a3 Be5 29. f4 Bf6 30. Bd3 Bh4 31. Bh2 Qe8 32. f5 gxf5 33.
Rxf5 Nd4 34. Qc1 Nxf5 35. exf5 Re1+ 36. Bf1 Qe3+ 37. Qxe3 Rxe3 38. a4 Bg3 39. Bxg3 Rxg3 40. Rd4 Re3 41. Kf2 Re5 42. g4 Kf8 43. Rc4 Ke7 44.
Bd3 Kd7 45. f6 Ke6 46. Rc7 Kxf6 47. Rxb7 a5 48. b5 h5 49. Ra7 Rc8 50. b6 Rc3 51. b7 Rb3 52. Bb5 Rexb5 53. axb5 Rxb5 54. Kg3 hxg4 55. hxg4 Rb6 56. Kf4 Kg6 57. Ke4 Rb5 58. Kd4 f6 59.
Kc4 Rb4+ 60. Kd5 Kg5 61. Kxd6 Kxg4 62. Kc6 f5 63. Rxa5 Rxb7 64. Kxb7 f4 65. Kc6 f3 66. Kd5 f2 67. Ra1 Kf3 68. Kd4 Kg2 69. Ra2 Kg1 70.
Rxf2 Kxf2 1/2-1/2

[Event "Early-Titled-Tuesday-Blitz-May-07-2024"]
[Site "Chess.com"]
[Date "2024.05.07"]
[Round "9"]
[White "jinbojinbo"]
[Black "ATM622"]
[Result "1-0"]
[WhiteElo "2648"]
[BlackElo "2516"]
[TimeControl "180+1"]
[EndTime "9:53:52 PDT"]
[Termination "jinbojinbo won by resignation"]

1. c4 e5 2. Nc3 Nf6 3. g3 c6 4.
d4 exd4 5. Qxd4 d5 6. cxd5 cxd5 7.
Bg2 Nc6 8. Qa4 Bb4 9. Bd2 Bd7 10. Nf3 O-O 11. O-O d4 12. Nb1 a5 13. Bg5 h6 14.
Bxf6 Qxf6 15. Nbd2 Ne5 16. Qd1 Nxf3+ 17. Nxf3 Bc5 18.
Rc1 Rac8 19. Ne1 b5 20. Nd3 Bb6 21. Qd2 Be6 22. a3 Bc4 23. Nf4 Rfd8 24. h4 a4 25. Be4 Qe5 26. Bd3 Rd7 27. Bxc4 bxc4 28. Qb4 Qc5 29. Qxa4 Ra7 30. Qc2 c3 31. Rfd1 Qa5 32.
Qb3 Rb8 33. bxc3 dxc3 34. Qxc3 Qxa3 35. Qxa3 Rxa3 36. Kg2 Ra2 37. Rb1 Ba7 38. Rxb8+ Bxb8 39. Rd8+ Kh7 40. Rxb8 g5 41. hxg5 hxg5 42. Nh3 f6 43. e3 Kg6 44. Rb6 Ra5 45. Ng1 Ra4 46. Ne2 Ra2 47. Nc3 Rc2 48. Nd5 Kf5 49. Rxf6+ Ke5 50.
Rg6 Kxd5 51. Rxg5+ Ke4 52. Rg4+ Kf5 53. Rf4+ Kg5 54.
e4 Rc7 55. Rf5+ Kg6 56. g4 Ra7 57. f3 Ra1 58. Kg3 Rf1 59. Kf4 Re1 60. Ra5 Kf6 61.
Ra6+ Kf7 62. g5 Rg1 63. Kf5 Rf1 64. f4 Rb1 65. Ra7+ Kf8 66. e5 Rb6 67. g6 Rb4 68.
Kg5 Rb2 69. f5 Rb6 70. Ra8+ Ke7 71. g7 Kf7 1-0

[Event "Early-Titled-Tuesday-Blitz-May-07-2024"]
[Site "Chess.com"]
[Date "2024.05.07"]
[Round "9"]
[White "Airquake"]
[Black "chess123456s"]
[Result "1-0"]
[WhiteElo "2810"]
[BlackElo "2628"]
[TimeControl "180+1"]
[EndTime "9:53:54 PDT"]
[Termination "Airquake won on time"]

1. e4 e5 2. Nf3 Nc6 3. Bb5 a6 4. Ba4 Nf6 5. d3 d6 6. c3 g6 7. O-O Bg7 8. Be3 O-O 9. h3 b5 10.
Bc2 Re8 11. Nbd2 h6 12. Re1 d5 13. exd5 Nxd5 14. Bc5 Nf4 15. Ne4 Bf5 16. Qd2 Qd7 17. Be3 Bxe4 18. dxe4 Qxd2 19. Nxd2 Rad8 20. Nb3 Bf8 21.
Rad1 a5 22. Nc5 a4 23. a3 Na5 24. Nd7 Bg7 25. Kh2 Nc4 26. Bc1 g5 27. Nc5 Ne6 28. Rxd8 Rxd8 29. Nxe6 fxe6 30. Kg3 Bf8 31. Kf3 Bc5 32. Ke2 Kg7 33. Bd3 Kg6 34. Rd1 Rd6 35. f3 h5 36. g3 Rd8 37. h4 gxh4 38. gxh4 c6 39. Rh1 Kh7 40. Bg5 Rf8 41. Rb1 Ra8 42.
Bxc4 bxc4 43. Rd1 Rb8 44. Rd7+ Kg6 45. Bc1 Kf6 46. Rc7 Bb6 47. Rxc6 Bd8 48. Rxc4 Kg6 49. Rxa4 Bxh4 50. Ra6 Bf6 51. Rxe6 h4 52. f4 Kf7 53. Ra6 exf4 54. Bxf4 Rxb2+ 55. Kd3 Rb3 56. e5 Be7 57. Kc4 Rxa3 58. Rxa3 Bxa3 59. Kd5 Bb2 60.
c4 h3 61. c5 Bc1 62. Bh2 Ke7 63. c6 Be3 64. e6 Bb6 65. c7 Bxc7 66. Bxc7 Kf6 67.
Bh2 Kf5 68. Kd6 Kg4 69. e7 Kf3 70.
e8=Q 1-0

[Event "Early-Titled-Tuesday-Blitz-May-07-2024"]
[Site "Chess.com"]
[Date "2024.05.07"]
[Round "9"]
[White "masnyszachistaaa"]
[Black "masterofpuppets2"]
[Result "1-0"]
[WhiteElo "2592"]
[BlackElo "2471"]
[TimeControl "180+1"]
[EndTime "9:54:00 PDT"]
[Termination "masnyszachistaaa won by resignation"]

1. Nf3 d5 2. b3 Nf6 3. Bb2 e6 4. g3 Bd6 5. Bg2 O-O 6. O-O Re8 7. c4 dxc4 8. bxc4 e5 9. d3 Nc6 10. Ng5 h6 11. Ne4 Bf8 12. Nxf6+ Qxf6 13. Nd2 Nd4 14.
Rb1 c6 15. e3 Nf5 16. Qe2 Qd8 17. Rfd1 Qc7 18. Nb3 Be6 19. Bc3 Rad8 20. Na5 Bc8 21.
Rb2 Ne7 22. Qh5 Nf5 23. Qe2 Ne7 24. Rdb1 b6 25. Nb3 c5 26. a4 Nc6 27. a5 Nb4 28.
axb6 axb6 29. Bxb4 cxb4 30. Nc1 Bf5 31. e4 Be6 32.
Na2 Qd7 33. Bf1 b5 34. cxb5 Bxa2 35. Rxa2 Qxb5 36. Rab2 Bc5 37. Qf3 Qb6 38. Kg2 Re6 39. Qe2 Rf6 40. Qe1 h5 41. h4 g6 42. f3 Rb8 43.
Be2 Kg7 44. Bd1 Qd6 45. Qe2 Qd4 46. Bb3 Be7 47. Bd5 Rd6 48. Rc2 Ra6 49. Rc7 Ra7 50. Rc4 Qb6 51. Qd2 Qd8 52. Qc2 Qd7 53. Qb3 Bf8 54.
Rbc1 Qe7 55. Rc6 Ra3 56. Qb2 Rb7 57. Rc8 Rd7 58. R1c2 Rxd3 59. Qb1 R3xd5 60. exd5 Rxd5 61. Qe1 Rd7 62. Rb8 Qd6 63. Rbc8 Rc7 64. R8xc7 b3 65.
Rc1 b2 66. R1c2 Qd4 67. R7c4 b1=Q 68. Qxb1 Qd5 69. Qb2 Kh7 70. Qc3 Qe6 71. Qd2 Bg7 72.
Qe2 e4 73. Rxe4 Qf6 74. Re7 Kh6 75. Rcc7 Kh7 76. Rxf7 Qd4 77. Rxg7+ 1-0

[Event "Early-Titled-Tuesday-Blitz-May-07-2024"]
[Site "Chess.com"]
[Date "2024.05.07"]
[Round "9"]
[White "Alenzer"]
[Black "RebecaJimnz"]
[Result "0-1"]
[WhiteElo "2213"]
[BlackElo "2298"]
[TimeControl "180+1"]
[EndTime "9:54:01 PDT"]
[Termination "RebecaJimnz won by resignation"]

1. e4 c5 2. Nf3 Nc6 3. d4 cxd4 4. Nxd4 g6 5. c4 Bg7 6. Nc2 Nf6 7. Nc3 d6 8. Be2 O-O 9. Be3 Be6 10. O-O Qa5 11.
Rb1 Nb4 12. Nxb4 Qxb4 13. a3 Qa5 14. f3 Rfc8 15. Nd5 Nxd5 16. exd5 Bf5 17. Bd3 Bxd3 18. Qxd3 Qa4 19. b4 b6 20. Rfc1 Qa6 21. Bg5 Rc7 22. Rc2 Rac8 23. Rbc1 Kf8 24. Be3 Qa4 25. h4 h5 26. g4 hxg4 27. fxg4 Qd7 28. Qe2 Be5 29.
Kg2 Kg7 30. Qf3 Rh8 31. Bf2 Bf6 32. g5 Be5 33. Qe4 Rh5 34. c5 bxc5 35. bxc5 Rc8 36. c6 Qc7 37. Bd4 Rch8 38. Bxe5+ dxe5 39. Rh1 Qd6 40. Re2 Qxa3 41. Qxe5+ Kf8 42. Qxe7+ Qxe7 43. Rxe7 Kxe7 44. Re1+ Kd6 45. Re4 Kxd5 46. Rf4 Kxc6 47. Rxf7 Rxh4 48. Rf6+ Kb5 49. Rxg6 Rg4+ 50. Kf3 Rg1 51. Rg7 a5 52. g6 Rh3+ 53. Kf2 Rhg3 54. Rb7+ Ka6 55. Rb8 Rxg6 56. Ke2 R1g2+ 57. Kd3 R6g4 58.
Ke3 R2g3+ 59. Kf2 Ra3 60. Ke2 Rb4 61. Ra8+ Kb7 62. Rd8 Rb2+ 63. Ke1 Ra1+ 64. Rd1 Rxd1+ 65. Kxd1 a4 66. Kc1 a3 67. Kd1 Kb6 68. Kc1 Kb5 69.
Kd1 Kb4 70. Kc1 Kb3 0-1

[Event "Early-Titled-Tuesday-Blitz-May-07-2024"]
[Site "Chess.com"]
[Date "2024.05.07"]
[Round "9"]
[White "Meri-Arabidze"]
[Black "LoaySameer"]
[Result "1-0"]
[WhiteElo "2712"]
[BlackElo "2539"]
[TimeControl "180+1"]
[EndTime "9:54:03 PDT"]
[Termination "Meri-Arabidze won by resignation"]

1. Nf3 Nf6 2. c4 g6 3. g3 Bg7 4.
Bg2 O-O 5. O-O d6 6. Nc3 c6 7.
Re1 e5 8. e4 a6 9. d4 Nbd7 10. h3 Re8 11. Be3 exd4 12. Nxd4 Nc5 13. Qc2 a5 14. Rad1 Qc7 15. b3 Bd7 16. Bf4 Nh5 17. Be3 Rad8 18. Nde2 Bc8 19. g4 Nf6 20. Ng3 b6 21. g5 Nfd7 22. f4 Nf8 23. Nce2 d5 24. cxd5 cxd5 25. e5 Qa7 26. Nd4 Bb7 27.
h4 Qb8 28. h5 Nfe6 29. h6 Nxd4 30. Bxd4 Bh8 31. Bxc5 Rc8 32. Bxd5 Rxc5 33. Qg2 Bc8 34. Ne4 Rc7 35. Nf6+ Bxf6 36. exf6 Be6 37. Bxe6 fxe6 38. Qe4 Kf7 39. Rd2 Qc8 40. Red1 Rc1 41. Kg2 Rc7 42. Rd3 b5 43. R1d2 b4 44. Qe5 Rc2 45. Kg3 Rc3 46. Kf2 Rc7 47. Qxc7+ Qxc7 48. Rd7+ Re7 49. Rxc7 Rxc7 50.
Ke3 Rc3+ 51. Ke4 Rc7 52. Rd6 Ra7 53. Rb6 Kf8 54. Rxe6 Kf7 55. Rb6 Kf8 56. Kd5 Kf7 57. Kc4 Rc7+ 58. Kb5 Rc2 59. Kxa5 Rxa2+ 60. Kxb4 Rf2 61.
Rb7+ Ke6 62. Re7+ Kd6 63. Rxh7 Rxf4+ 64. Ka3 Rf5 65. Rg7 Rxg5 66. h7 Rh5 67. b4 Ke6 68. f7 Ke7 69. Ka4 Rh4 70. Ka5 Rh1 71. b5 Ra1+ 72.
Kb6 Rh1 73. Kb7 g5 74. b6 g4 75. Rxg4 Rxh7 76. Rf4 Kf8 77. Kb8 Rh6 78. b7 Rh1 79. Rc4 Rb1 80. Kc7 1-0

[Event "Early-Titled-Tuesday-Blitz-May-07-2024"]
[Site "Chess.com"]
[Date "2024.05.07"]
[Round "9"]
[White "RantomOpening"]
[Black "average_trans"]
[Result "1-0"]
[WhiteElo "2500"]
[BlackElo "2341"]
[TimeControl "180+1"]
[EndTime "9:54:05 PDT"]
[Termination "RantomOpening won on time"]

1. c4 e6 2. b3 d5 3. e3 c5 4. Bb2 Nf6 5. Nf3 Nc6 6. g3 Be7 7. Bg2 O-O 8. O-O d4 9. d3 e5 10. Qe2 Bg4 11. e4 Bh5 12. Nbd2 Ne8 13. h3 Bxf3 14. Nxf3 a5 15. a4 Bg5 16. Nxg5 Qxg5 17.
Ba3 b6 18. Bc1 Qg6 19. f4 Qxg3 20. f5 Nf6 21. Bd2 Nb4 22. Rf3 Qh4 23. Be1 Qh6 24. Bd2 Qh4 25. Be1 Qh5 26. Qf2 Nd7 27. Rg3 Qh6 28.
Bd2 Qd6 29. h4 Kh8 30. h5 h6 31. Kf1 Nc2 32. Rc1 Ne3+ 33. Bxe3 dxe3 34. Qxe3 Nb8 35. Rf3 f6 36. Rg3 Nc6 37. Bf3 Rad8 38. Bd1 Rd7 39.
Rc2 Rfd8 40. Rd2 Nb4 41. Ke1 Nc6 42. Kf1 Nd4 43. Kg2 Qe7 44. Kh3 Nc6 45. Be2 Qd6 46.
Rd1 Qd4 47. Qd2 Qxe4 48. Rdg1 Qxf5+ 49. Bg4 Qg5 50. Qxg5 hxg5 51. Bxd7 Rxd7 52. Kg4 Nb4 53. Kf5 Rxd3 54. Rxd3 Nxd3 55. h6 Nf4 56. Rd1 gxh6 57. Kxf6 e4 58. Rd8+ Kh7 59. Re8 Ne2 60.
Re7+ Kg8 61. Rxe4 Nf4 62. Re8+ Kh7 63. Re7+ Kg8 64. Rb7 Nd3 65. Kg6 Kf8 66. Kf6 Ke8 67. Ke6 Kf8 68. Rh7 g4 69. Rxh6 g3 70. Rh8+ Kg7 71.
Rh4 1-0

[Event "Early-Titled-Tuesday-Blitz-May-07-2024"]
[Site "Chess.com"]
[Date "2024.05.07"]
[Round "9"]
[White "praveenb2002"]
[Black "Casablanca"]
[Result "1-0"]
[WhiteElo "2861"]
[BlackElo "2720"]
[TimeControl "180+1"]
[EndTime "9:54:07 PDT"]
[Termination "praveenb2002 won by checkmate"]

1. c4 e5 2. g3 Nc6 3. Bg2 Nf6 4. Nc3 Bc5 5. e3 O-O 6. Nge2 Re8 7. O-O a6 8. d4 exd4 9. exd4 Ba7 10. Bg5 h6 11.
Bxf6 Qxf6 12. Nd5 Qd8 13. Qd3 d6 14. Ne3 Qf6 15. Rad1 Bd7 16. Rfe1 Rab8 17. h4 Ne7 18. Nc3 c6 19. Ne4 Qg6 20. h5 Qxh5 21. Nxd6 Red8 22. c5 Be6 23. a3 Rd7 24. Nec4 Ng6 25. Ne5 Nxe5 26.
Rxe5 g5 27. Rde1 Rf8 28. Qe3 Qg6 29. Be4 Qf6 30. Bb1 Bb8 31. Qe4 Qg7 32. Rxe6 fxe6 33. Qxe6+ Kh8 34. Nf5 Qh7 35. Nh4 Qf7 36. Ng6+ Kg7 37.
Nxf8 Kxf8 38. Qxh6+ Qg7 39. Qh5 Re7 40. Rxe7 Kxe7 41.
Qe2+ Kd8 42. Qe4 Bc7 43. Bd3 Qe7 44. Qf5 Ke8 45. Kg2 Bd8 46. Qg6+ Kf8 47. Be4 Qf6 48. Qh7 Qg7 49. Qf5+ Qf6 50. Qd7 Qe7 51. Qg4 Qf6 52.
Qh5 Qg7 53. Qf3+ Qf6 54. Qd3 Qe7 55. Bf3 Qf6 56. Qe4 Kg7 57. Bg4 Qe7 58. Qf3 Qf6 59.
Bf5 Be7 60. Qg4 Kf8 61. Bd3 Kg7 62. Qe4 Kf8 63. Bc4 Ke8 64. Qg4 Kd8 65. Be6 Bf8 66. Bc8 Qe7 67. Bf5 Kc7 68. Qf3 Kb8 69. Bg4 Ka7 70. Qf5 Bg7 71. Qd3 Qf6 72. d5 cxd5 73.
Qxd5 Qxb2 74. Bf3 Bd4 75. Kh3 Bxf2 76. c6 Bb6 77. cxb7 Bc7 78. Qc5+ Qb6 79. Qd5 a5 80.
b8=Q+ Qxb8 81. Qc6 Bb6 82. Qd7+ Qc7 83. Qd5 Qb8 84.
Qf7+ Qc7 85. Qd5 Qb8 86. Qc6 Qc7 87. Qa8# 1-0

[Event "Early-Titled-Tuesday-Blitz-May-07-2024"]
[Site "Chess.com"]
[Date "2024.05.07"]
[Round "9"]
[White "Aisen1011"]
[Black "alvarorodriguezavila"]
[Result "0-1"]
[WhiteElo "2459"]
[BlackElo "2352"]
[TimeControl "180+1"]
[EndTime "9:54:09 PDT"]
[Termination "alvarorodriguezavila won by resignation"]

1. d4 Nf6 2. c4 Nc6 3. Nc3 e5 4.
d5 Ne7 5. e4 Ng6 6. Nge2 Bc5 7.
h3 O-O 8. g4 d6 9. Ng3 Nd7 10.
Be2 Nf4 11. Nh5 Nxh5 12. gxh5 Qh4 13. Rh2 Nf6 14. Bd2 Nxe4 15. Nxe4 Qxe4 16. Qb1 Bf5 17. Qxe4 Bxe4 18. Be3 Bb6 19. f3 Bf5 20. Kf2 f6 21. Rg1 Kf7 22. h6 g6 23. h4 Rfe8 24. a3 Bd7 25. h5 g5 26. Bd3 Rh8 27. b4 Rae8 28.
c5 dxc5 29. bxc5 Ba5 30. Rb1 Rb8 31. Bc4 Ke7 32. Rhh1 Bf5 33. Rbd1 Rhd8 34. Bd3 Bxd3 35. Rxd3 Rd7 36. Rhd1 Rbd8 37. Ke2 Kf7 38. d6 cxd6 39. cxd6 Ke6 40. Bc5 b6 41. Bb4 Bxb4 42. axb4 Rxd6 43. Rxd6+ Rxd6 44. Ra1 Rd7 45. Rc1 Kf5 46. Ke3 g4 47. fxg4+ Kxg4 48. Rf1 Kg5 49. Ke4 Rd4+ 50. Ke3 Rxb4 51.
Rc1 Kxh6 52. Rc7 Ra4 53. Kf3 Kxh5 54. Rxh7+ Kg5 55. Rg7+ Kf5 56. Rh7 Ra3+ 57. Ke2 e4 58.
Rh5+ Ke6 59. Rb5 f5 60. Rb1 f4 61. Rb4 Ra2+ 62. Ke1 Kf5 63. Rb5+ Kg4 64. Rb1 e3 65. Kf1 Kf3 66. Kg1 Rd2 67. Rf1+ Kg3 68. Kh1 e2 69. Rg1+ Kf2 70. Rg2+ Kf3 71. Rg1 Rd1 72. Kh2 Rxg1 0-1

[Event "Early-Titled-Tuesday-Blitz-May-07-2024"]
[Site "Chess.com"]
[Date "2024.05.07"]
[Round "9"]
[White "MarlonJodar"]
[Black "Caterpiller35"]
[Result "0-1"]
[WhiteElo "2274"]
[BlackElo "2482"]
[TimeControl "180+1"]
[EndTime "9:54:12 PDT"]
[Termination "Caterpiller35 won by resignation"]

1. e4 c5 2. Nf3 Nc6 3. d4 cxd4 4. Nxd4 e6 5. Nb5 d6 6. c4 a6 7. N5c3 Nf6 8. g3 Be7 9. Bg2 Qc7 10. O-O O-O 11. Ne2 b6 12. Nbc3 Bb7 13. h3 Rab8 14. Be3 Ba8 15. Rc1 Rfc8 16. Nd5 Qd8 17. Nxe7+ Nxe7 18.
Qd3 Nc6 19. f4 Nb4 20. Qb3 a5 21. Nc3 Na6 22. Rfd1 Nc5 23. Qc2 Qc7 24. Bd4 e5 25. Be3 Qe7 26. f5 Bc6 27. g4 Qb7 28. Nd5 Bxd5 29.
exd5 h6 30. g5 hxg5 31. Bxg5 Qe7 32. h4 Qf8 33. Bxf6 gxf6 34. Kh1 Qh6 35. Rg1 Qxh4+ 36. Bh3+ Kf8 37. Qh2 Ke7 38. Rg4 Qh6 39. Rcg1 Rh8 40. R1g3 Qc1+ 41. Qg1 Qxg1+ 42. Kxg1 b5 43. cxb5 Rxb5 44.
b3 Rb4 45. Bf1 Rxg4 46. Rxg4 Kf8 47. Bc4 Rg8 48. Rxg8+ Kxg8 49. Kf2 Kf8 50. Ke3 Ke7 51.
a3 Kd7 52. b4 axb4 53. axb4 Na4 54. Kd2 Nb6 55. Bb3 Kc7 56. Kd3 Nd7 57. Kc4 Kb6 58. Ba4 Nf8 59. Be8 Nh7 60. Bxf7 Ng5 61.
Bh5 Ne4 62. Bg6 Ng3 63. Bh7 Nf1 64. Bg6 Ne3+ 65. Kd3 Nxd5 66. Kc4 Nf4 67. Kc3 d5 68. Bf7 Kb5 69. Be8+ Kb6 70. Bf7 e4 71. Kd4 Kb5 72.
Bxd5 Nxd5 73. Kxe4 Ne7 74. Kf4 Kxb4 75. Kg4 Kc5 76.
Kh5 Kd5 77. Kh6 Ke5 78. Kg7 Nxf5+ 79. Kf7 Nd4 80. Kg6 f5 81. Kg5 f4 82. Kg4 Ke4 83. Kh3 Ke3 84. Kg2 Ke2 85. Kg1 f3 86. Kh2 f2 87. Kg3 f1=Q 0-1

[Event "Early-Titled-Tuesday-Blitz-May-07-2024"]
[Site "Chess.com"]
[Date "2024.05.07"]
[Round "9"]
[White "Artemiki"]
[Black "Kazmin_Semyon"]
[Result "1-0"]
[WhiteElo "2510"]
[BlackElo "2600"]
[TimeControl "180+1"]
[EndTime "9:54:21 PDT"]
[Termination "Artemiki won on time"]

1. e4 e6 2. d3 c5 3. Nf3 d5 4.
Nbd2 Nc6 5. g3 dxe4 6. dxe4 b6 7. c3 Nf6 8. Bg2 Qd3 9. Bf1 Qd7 10. Bb5 Bb7 11. Ne5 Qc7 12. Qa4 Rc8 13. Qxa7 Nd7 14.
Bxc6 Bxc6 15. Qxc7 Rxc7 16. Nxc6 Rxc6 17. b3 Be7 18.
Kd1 O-O 19. Kc2 Ra8 20. a4 b5 21. Bb2 bxa4 22. Rxa4 Rxa4 23. bxa4 Ra6 24. Ra1 Ne5 25. c4 Ng4 26. f3 Nf6 27. Bc3 Nd7 28. Nb3 Kf8 29.
a5 Ke8 30. Rd1 f6 31. f4 Nb8 32. f5 e5 33. Rd5 Nd7 34. Bb2 Kd8 35. Ba3 Rc6 36. a6 Kc7 37. a7 Ra6 38. Bxc5 Nxc5 39.
Nxc5 Bxc5 40. Rxc5+ Kd6 41. Rd5+ Kc6 42. Kb3 Rxa7 43.
Rd8 Ra1 44. Rc8+ Kb6 45. Rg8 Ra7 46. Kb4 h6 47. c5+ Kc6 48. Rc8+ Kd7 49. Rb8 Kc6 50. Rb6+ Kc7 51. Kc4 Ra2 52. Kd5 Rd2+ 53. Ke6 Rd4 54. Ra6 Rxe4 55. Ra7+ Kc6 56. Rxg7 Re2 57. Kxf6 Kxc5 58.
Re7 Kd6 59. Re6+ Kd5 60. Ke7 Ra2 61. Rd6+ Kc5 62. f6 Rf2 63. Re6 Kd5 64. f7 e4 65. Ra6 e3 66. f8=Q Rxf8 67. Kxf8 Ke4 68.
Rxh6 Kf3 69. Re6 Kg2 70. Rxe3 Kh3 71. g4+ Kxg4 72. Rg3+ Kf5 73. Kg7 Ke6 74. Kh6 Kd6 75. Kh5 1-0

[Event "Early-Titled-Tuesday-Blitz-May-07-2024"]
[Site "Chess.com"]
[Date "2024.05.07"]
[Round "9"]
[White "PavelShkapenko"]
[Black "miaou33"]
[Result "1-0"]
[WhiteElo "2727"]
[BlackElo "2565"]
[TimeControl "180+1"]
[EndTime "9:54:22 PDT"]
[Termination "PavelShkapenko won by resignation"]

1. e4 c5 2. c3 b6 3. d4 Bb7 4. Bd3 Nf6 5. Qe2 cxd4 6. cxd4 Nc6 7. Nf3 Nb4 8. Nc3 Rc8 9. Bb1 Ba6 10. Qd1 e6 11. a3 Nc6 12. e5 Nd5 13. Nxd5 exd5 14. Bd3 Bxd3 15. Qxd3 Be7 16. O-O d6 17. Bf4 O-O 18.
Rad1 h6 19. Qb5 dxe5 20. dxe5 d4 21. Be3 Qd7 22. Nxd4 Bc5 23. Nf3 Qe7 24. Bxc5 bxc5 25. Rfe1 Nd8 26. Qd7 Qxd7 27. Rxd7 Rb8 28. Red1 Ne6 29.
R1d2 a5 30. Ra7 Rfd8 31. Rxd8+ Rxd8 32. g3 Rd1+ 33. Kg2 Rb1 34. Rxa5 Rxb2 35. Ra8+ Kh7 36. Rc8 Ra2 37. Ra8 c4 38. Rc8 Rxa3 39. Rxc4 Ra5 40.
h4 h5 41. Re4 Kg6 42. Re3 Ra2 43. Kg1 Ra5 44. Ne1 Ra1 45. Kg2 Ra2 46. Nd3 Ra5 47. Kf3 Ra4 48. Ke2 Ra2+ 49. Kf1 Ra4 50. Kg2 Ra2 51. Nb4 Ra4 52. Nd5 Ra5 53. Ne7+ Kh7 54. Rf3 Rxe5 55. Rxf7 Kh6 56. Rf5 Rxf5 57. Nxf5+ Kg6 58.
Ne3 Kh6 59. Kf3 g6 60. Ke4 Ng7 61. Ke5 Ne8 62. Ke6 Nc7+ 63. Kf6 Ne8+ 64. Kf7 Nd6+ 65. Ke6 Ne4 66. Nd1 g5 67. Kf5 gxh4 68. Kxe4 h3 69. Kf3 Kg5 70. Ne3 h4 71. gxh4+ Kxh4 72. Nf1 Kg5 73. Nh2 Kh4 74. Nf1 Kg5 75. Kg3 Kf5 76.
Nh2 Ke4 77. Kxh3 Kf4 78. Kg2 Ke4 79. f3+ Kf4 80. Kf2 Kf5 81. Kg3 Kg5 82. f4+ Kf6 83. Kf3 Kg6 84. Kg4 Kg7 85. f5 Kf7 86. Kg5 Kg7 87. f6+ Kf7 88. Kf5 Kf8 89. Kg6 Kg8 90. f7+ Kf8 91. Ng4 Ke7 92. Kg7 1-0